PBL
KELOWNA HEAT @ AMARILLO THUNDERHEADS
10/01/2046
 
TOP OF THE 1ST
Kelowna Heat batting - Pitching for Amarillo ThunderHeads : RHP Marty Nelson
Pitching: RHP Marty Nelson
Batting: RHB Ryan Roberts 0-0: Ball
1-0: Swinging Strike
1-1: Called Strike
1-2: Ball
2-2: Strikes out swinging
Batting: RHB Coen Dirks 0-0: Foul Ball, location: 2F
0-1: Fly out, F9 (Flyball, 9S, EV 77.5 MPH)
Batting: LHB Chris West 0-0: Ball
1-0: Fly out, F5 (Popup, 56, EV 70.0 MPH)
Top of the 1st over - 0 runs, 0 hits, 0 errors, 0 left on base; Kelowna 0 - Amarillo 0
BOTTOM OF THE 1ST
Amarillo ThunderHeads batting - Pitching for Kelowna Heat : LHP Matt DeGrado
Pitching: LHP Matt DeGrado
Batting: LHB Eddie Reyes 0-0: Foul Ball, location: 2F
0-1: Swinging Strike
0-2: Ball
1-2: Ball
2-2: Strikes out swinging
Batting: SHB Zack Barton 0-0: Called Strike
0-1: Ball
1-1: SOLO HOME RUN (Line Drive, 78XD, EV 99.4 MPH), Distance : 414 ft
Batting: RHB Jerry Foster 0-0: Ball
1-0: Fly out, F8 (Flyball, 8LM, EV 89.4 MPH)
Batting: RHB Elias Sagrero 0-0: Called Strike
0-1: Foul Ball, location: 2F
0-2: Strikes out swinging
Bottom of the 1st over - 1 run, 1 hit, 0 errors, 0 left on base; Kelowna 0 - Amarillo 1
TOP OF THE 2ND
Kelowna Heat batting - Pitching for Amarillo ThunderHeads : RHP Marty Nelson
Batting: LHB Alex Larangho 0-0: Ball
1-0: Called Strike
1-1: Swinging Strike
1-2: Strikes out swinging
Batting: RHB Zach Maguire 0-0: Called Strike
0-1: Ball
1-1: Fly out, F9 (Flyball, 89S, EV 92.5 MPH)
Batting: RHB Pedro Quezada 0-0: Ball
1-0: Ball
2-0: Ball
3-0: Called Strike
3-1: Fly out, F8 (Flyball, 89M, EV 97.5 MPH)
Top of the 2nd over - 0 runs, 0 hits, 0 errors, 0 left on base; Kelowna 0 - Amarillo 1
BOTTOM OF THE 2ND
Amarillo ThunderHeads batting - Pitching for Kelowna Heat : LHP Matt DeGrado
Batting: RHB Eric Camillo 0-0: Called Strike
0-1: Ball
1-1: Foul Ball, location: 2F
1-2: Strikes out looking
Batting: RHB Ron Squires 0-0: Ball
1-0: Fly out, F8 (Flyball, 8RM, EV 95.6 MPH)
Batting: SHB Tyler Romo 0-0: Ball
1-0: Ball
2-0: Called Strike
2-1: Ball
3-1: Base on Balls
Batting: LHB Santino Pisanello 0-0: Called Strike
0-1: Ball
1-1: Called Strike
1-2: Strikes out swinging
Bottom of the 2nd over - 0 runs, 0 hits, 0 errors, 1 left on base; Kelowna 0 - Amarillo 1
TOP OF THE 3RD
Kelowna Heat batting - Pitching for Amarillo ThunderHeads : RHP Marty Nelson
Batting: RHB Vinny Torres 0-0: Ball
1-0: Ball
2-0: Ball
3-0: Foul Ball, location: 2F
3-1: SINGLE (Line Drive, 9S, EV 103.8 MPH)
Batting: RHB Alexis Andrade 0-0: Ball
1-0: Called Strike
1-1: Foul Ball, location: 2F
1-2: Fly out, F4 (Popup, 13, EV 80.0 MPH)
Batting: RHB Ricky Aguilar 0-0: Ball
1-0: Fly out, F9 (Line Drive, 9, EV 107.5 MPH)
Batting: RHB Ryan Roberts 0-0: Called Strike
0-1: Ball
1-1: Fly out, F4 (Popup, 3D, EV 61.2 MPH)
Top of the 3rd over - 0 runs, 1 hit, 0 errors, 1 left on base; Kelowna 0 - Amarillo 1
BOTTOM OF THE 3RD
Amarillo ThunderHeads batting - Pitching for Kelowna Heat : LHP Matt DeGrado
Batting: RHB John Carbonneau 0-0: DOUBLE (Line Drive, 3D, EV 98.8 MPH)
Batting: LHB Eddie Reyes 0-0: Called Strike
0-1: Foul Ball, location: 2F
0-2: Hit by Pitch
Batting: SHB Zack Barton 0-0: Called Strike
Passed Ball!
John Carbonneau to third
Eddie Reyes to second
0-1: Foul Ball, location: 2F
0-2: Strikes out swinging
Batting: RHB Jerry Foster 0-0: Called Strike
0-1: Ball
1-1: Swinging Strike
1-2: Strikes out swinging
Batting: RHB Elias Sagrero 0-0: Ball
1-0: Ball
Passed Ball!
John Carbonneau scores
Eddie Reyes to third
2-0: Ball
3-0: Called Strike
3-1: Base on Balls
Batting: RHB Eric Camillo 0-0: Ball
1-0: Foul Ball, location: 2F
1-1: Foul Ball, location: 2F
1-2: Ball
2-2: Ball
3-2: Fly out, F9 (Flyball, 89S, EV 75.6 MPH)
Bottom of the 3rd over - 1 run, 1 hit, 0 errors, 2 left on base; Kelowna 0 - Amarillo 2
TOP OF THE 4TH
Kelowna Heat batting - Pitching for Amarillo ThunderHeads : RHP Marty Nelson
Batting: RHB Coen Dirks 0-0: Swinging Strike
0-1: Ball
1-1: Ball
2-1: Ball
3-1: Foul Ball, location: 2F
3-2: SOLO HOME RUN (Flyball, 78XD, EV 99.4 MPH), Distance : 405 ft
Batting: LHB Chris West 0-0: Fly out, F9 (Line Drive, 9S, EV 98.1 MPH)
Batting: LHB Alex Larangho 0-0: Ball
1-0: Ball
2-0: SOLO HOME RUN (Flyball, 9LD, EV 92.5 MPH), Distance : 350 ft
Batting: RHB Zach Maguire 0-0: Ball
1-0: Foul Ball, location: 2F
1-1: Foul Ball, location: 2F
1-2: Fly out, F4 (Popup, 3DF, EV 69.4 MPH)
Batting: RHB Pedro Quezada 0-0: Ball
1-0: Ball
2-0: Ball
3-0: Foul Ball, location: 2F
3-1: Hit by Pitch
Batting: RHB Vinny Torres 0-0: Foul Ball, location: 2F
0-1: Called Strike
Pedro Quezada steals 2nd base
0-2: Ball
1-2: Fly out, F9 (Flyball, 9LM, EV 87.5 MPH)
Top of the 4th over - 2 runs, 2 hits, 0 errors, 1 left on base; Kelowna 2 - Amarillo 2
BOTTOM OF THE 4TH
Amarillo ThunderHeads batting - Pitching for Kelowna Heat : LHP Matt DeGrado
Batting: RHB Ron Squires 0-0: Ball
1-0: Fly out, F8 (Line Drive, 89M, EV 91.2 MPH)
Batting: SHB Tyler Romo 0-0: Ball
1-0: Called Strike
1-1: Fly out, F8 (Flyball, 8LD, EV 104.4 MPH)
Batting: LHB Santino Pisanello 0-0: Ball
1-0: Foul Ball, location: 2F
1-1: Ball
2-1: Foul Ball, location: 2F
2-2: Foul Ball, location: 2F
2-2: Ball
3-2: Base on Balls
Batting: RHB John Carbonneau 0-0: Called Strike
0-1: Swinging Strike
0-2: Foul Ball, location: 2F
0-2: DOUBLE (Groundball, 5L, EV 102.5 MPH)
Santino Pisanello to third
Santino Pisanello scores
Batting: LHB Eddie Reyes 0-0: Ground out 6-3 (Groundball, 56, EV 86.9 MPH)
Bottom of the 4th over - 1 run, 1 hit, 0 errors, 1 left on base; Kelowna 2 - Amarillo 3
TOP OF THE 5TH
Kelowna Heat batting - Pitching for Amarillo ThunderHeads : RHP Marty Nelson
Batting: RHB Alexis Andrade 0-0: Ball
1-0: Called Strike
1-1: Fly out, F9 (Flyball, 89M, EV 88.1 MPH)
Batting: RHB Ricky Aguilar 0-0: Ball
1-0: Called Strike
1-1: Ball
2-1: Foul Ball, location: 2F
2-2: Ball
3-2: Foul Ball, location: 2F
3-2: SINGLE (Groundball, 56D, EV 101.2 MPH)
Batting: RHB Ryan Roberts 0-0: Called Strike
0-1: Fly out, F8 (Flyball, 8LS, EV 93.1 MPH)
Batting: RHB Coen Dirks 0-0: Foul Ball, location: 2F
0-1: Ball
1-1: Ball
Passed Ball!
Ricky Aguilar to second
2-1: Called Strike
2-2: Ball
3-2: Foul Ball, location: 2F
3-2: Base on Balls
Batting: LHB Chris West 0-0: Foul Ball, location: 2F
0-1: Ball
1-1: Ground out 1-3 (Groundball, 15S, EV 69.4 MPH)
Top of the 5th over - 0 runs, 1 hit, 0 errors, 2 left on base; Kelowna 2 - Amarillo 3
BOTTOM OF THE 5TH
Amarillo ThunderHeads batting - Pitching for Kelowna Heat : LHP Matt DeGrado
Batting: SHB Zack Barton 0-0: SINGLE (Line Drive, 6D, EV 99.4 MPH)
Batting: RHB Jerry Foster 0-0: Ball
1-0: 2-RUN HOME RUN (Flyball, 78XD, EV 97.5 MPH), Distance : 396 ft
Batting: RHB Elias Sagrero 0-0: Foul Ball, location: 2F
0-1: Hit by Pitch
Batting: RHB Eric Camillo 0-0: Ball
1-0: Ball
Elias Sagrero steals 2nd base
2-0: Ball
3-0: Called Strike
3-1: Ground out 4-3 (Groundball, 34, EV 86.2 MPH)
Elias Sagrero to third
Batting: RHB Ron Squires 0-0: Ball
1-0: Ball
2-0: Ball
3-0: Base on Balls
Batting: SHB Tyler Romo 0-0: Ball
1-0: Called Strike
1-1: Ball
2-1: Swinging Strike
2-2: Strikes out looking
Batting: LHB Santino Pisanello 0-0: Ball
1-0: Ball
2-0: Ball
3-0: Base on Balls
Ron Squires to second
Batting: RHB John Carbonneau 0-0: Ground out 4-3 (Groundball, 4, EV 84.4 MPH)
Bottom of the 5th over - 2 runs, 2 hits, 0 errors, 3 left on base; Kelowna 2 - Amarillo 5
TOP OF THE 6TH
Kelowna Heat batting - Pitching for Amarillo ThunderHeads : RHP Marty Nelson
Batting: LHB Alex Larangho 0-0: Called Strike
0-1: Ball
1-1: Foul Ball, location: 2F
1-2: Ball
2-2: Ball
3-2: Foul Ball, location: 2F
3-2: Strikes out looking
Batting: RHB Zach Maguire 0-0: Swinging Strike
0-1: Ball
1-1: Ball
2-1: Foul Ball, location: 2F
2-2: Ball
3-2: Foul Ball, location: 2F
3-2: Foul Ball, location: 2F
3-2: Fly out, F9 (Flyball, 9, EV 81.9 MPH)
Batting: RHB Pedro Quezada 0-0: Foul Ball, location: 2F
0-1: Ball
1-1: Called Strike
1-2: DOUBLE (Line Drive, 8LXD, EV 109.4 MPH)
Batting: RHB Vinny Torres 0-0: Ball
Passed Ball!
Pedro Quezada to third
1-0: Foul Ball, location: 2F
1-1: Swinging Strike
1-2: 2-RUN HOME RUN (Flyball, 7LD, EV 95.0 MPH), Distance : 361 ft
Batting: RHB Alexis Andrade 0-0: Ball
1-0: Called Strike
1-1: Ball
2-1: Ground out 6-3 (Groundball, 6MD, EV 88.8 MPH)
Top of the 6th over - 2 runs, 2 hits, 0 errors, 0 left on base; Kelowna 4 - Amarillo 5
BOTTOM OF THE 6TH
Amarillo ThunderHeads batting - Pitching for Kelowna Heat : LHP Matt DeGrado
Batting: LHB Eddie Reyes 0-0: SOLO HOME RUN (Line Drive, 8LXD, EV 116.2 MPH), Distance : 448 ft
Batting: SHB Zack Barton 0-0: Ball
1-0: Called Strike
1-1: Ball
2-1: Ball
3-1: Base on Balls
Batting: RHB Jerry Foster 0-0: Ball
1-0: Foul Ball, location: 2F
1-1: Ball
2-1: Ball
3-1: 2-RUN HOME RUN (Flyball, 78XD, EV 110.0 MPH), Distance : 413 ft
Pitching: RHP Jaime Rios
Batting: RHB Elias Sagrero 0-0: Ball
1-0: Ball
2-0: Fly out, F9 (Flyball, 89S, EV 85.0 MPH)
Batting: RHB Eric Camillo 0-0: Ball
1-0: Ball
2-0: Ball
3-0: Base on Balls
Batting: RHB Ron Squires 0-0: Called Strike
0-1: Ball
1-1: Fly out, F9 (Flyball, 89M, EV 78.1 MPH)
Batting: SHB Tyler Romo 0-0: Called Strike
Eric Camillo steals 2nd base
0-1: Ball
1-1: Ball
2-1: Ball
3-1: Foul Ball, location: 2F
3-2: Fly out, F8 (Line Drive, 8RM, EV 97.5 MPH)
Bottom of the 6th over - 3 runs, 2 hits, 0 errors, 1 left on base; Kelowna 4 - Amarillo 8
TOP OF THE 7TH
Kelowna Heat batting - Pitching for Amarillo ThunderHeads : RHP Marty Nelson
Pitching: RHP Josh Shoemaker
Pinch Hitting: RHB Malik Sharpless 0-0: Called Strike
0-1: Foul Ball, location: 2F
0-2: Reached on error, E1 (Groundball, 15S, EV 65.6 MPH)
Batting: RHB Ryan Roberts 0-0: Foul Ball, location: 2F
0-1: Ball
1-1: Foul Ball, location: 2F
1-2: Ball
2-2: SINGLE (Line Drive, 4M, EV 97.5 MPH)
Malik Sharpless to third
Batting: RHB Coen Dirks 0-0: Fly out, F7 (Flyball, 7LM, EV 93.8 MPH)
Runner from 3rd tags up, SCORES, throw by LF
Pitching: LHP Matt Hawk
Batting: LHB Chris West 0-0: Called Strike
0-1: SINGLE (Groundball, 4MD, EV 100.6 MPH)
Ryan Roberts to second
Batting: LHB Alex Larangho 0-0: Ball
1-0: Fielders Choice at 2nd, 4-6 (Groundball, 4, EV 81.2 MPH)
Ryan Roberts to third
Batting: RHB Zach Maguire 0-0: Swinging Strike
0-1: Foul Ball, location: 2F
0-2: Strikes out swinging
Top of the 7th over - 1 run, 2 hits, 1 error, 2 left on base; Kelowna 5 - Amarillo 8
BOTTOM OF THE 7TH
Amarillo ThunderHeads batting - Pitching for Kelowna Heat : RHP Jaime Rios
Now in LF: Malik Sharpless
Batting: LHB Santino Pisanello 0-0: Foul Ball, location: 2F
0-1: Called Strike
0-2: Ball
1-2: Foul Ball, location: 2F
1-2: Fly out, F9 (Line Drive, 9, EV 94.4 MPH)
Batting: RHB John Carbonneau 0-0: Called Strike
0-1: Foul Ball, location: 2F
0-2: SINGLE (Groundball, 6MD, EV 102.5 MPH)
Batting: LHB Eddie Reyes 0-0: Ball
1-0: Ball
2-0: Ball
Balk!
John Carbonneau to second
3-0: Base on Balls
Batting: SHB Zack Barton 0-0: Called Strike
0-1: Foul Ball, location: 2F
0-2: Grounds into double play, 4-6-3 (Groundball, 34D, EV 86.2 MPH)
Bottom of the 7th over - 0 runs, 1 hit, 0 errors, 1 left on base; Kelowna 5 - Amarillo 8
TOP OF THE 8TH
Kelowna Heat batting - Pitching for Amarillo ThunderHeads : LHP Matt Hawk
Batting: RHB Pedro Quezada 0-0: Ball
1-0: Called Strike
1-1: Foul Ball, location: 2F
1-2: Ball
2-2: Strikes out looking
Batting: RHB Vinny Torres 0-0: Ball
1-0: Called Strike
1-1: Ball
2-1: Called Strike
2-2: Foul Ball, location: 2F
2-2: Strikes out swinging
Batting: RHB Alexis Andrade 0-0: Called Strike
0-1: Swinging Strike
0-2: Ball
1-2: Ball
2-2: Strikes out looking
Top of the 8th over - 0 runs, 0 hits, 0 errors, 0 left on base; Kelowna 5 - Amarillo 8
BOTTOM OF THE 8TH
Amarillo ThunderHeads batting - Pitching for Kelowna Heat : RHP Jaime Rios
Batting: RHB Jerry Foster 0-0: Ball
1-0: TRIPLE (Flyball, 9D, EV 106.2 MPH)
Batting: RHB Elias Sagrero 0-0: Intentional Walk
Batting: RHB Eric Camillo 0-0: Swinging Strike
0-1: Called Strike
0-2: DOUBLE (Flyball, 8LXD, EV 97.5 MPH)
Jerry Foster scores
Elias Sagrero to third
Batting: RHB Ron Squires 0-0: Ball
1-0: Foul Ball, location: 2F
1-1: Ball
2-1: Called Strike
2-2: Ball
3-2: 3-RUN HOME RUN (Flyball, 7D, EV 92.5 MPH), Distance : 359 ft
Batting: SHB Tyler Romo 0-0: Foul Ball, location: 2F
0-1: Ball
1-1: Ball
2-1: Ball
3-1: Swinging Strike
3-2: Base on Balls
Batting: LHB Santino Pisanello 0-0: Ball
1-0: Fly out, F8 (Flyball, 78M, EV 81.9 MPH)
Batting: RHB John Carbonneau 0-0: Swinging Strike
0-1: Ball
1-1: Ball
Tyler Romo steals 2nd base
2-1: Foul Ball, location: 2F
2-2: 2-RUN HOME RUN (Flyball, 7D, EV 94.4 MPH), Distance : 365 ft
Batting: LHB Eddie Reyes 0-0: SOLO HOME RUN (Flyball, 9D, EV 94.4 MPH), Distance : 367 ft
Pitching: RHP Tsugio Yamaguchi
Batting: SHB Zack Barton 0-0: Ball
1-0: Ball
2-0: Called Strike
2-1: Swinging Strike
2-2: Ball
3-2: SINGLE (Groundball, 4D, EV 100.6 MPH)
Batting: RHB Jerry Foster 0-0: Fly out, F5 (Popup, 15, EV 74.4 MPH)
Batting: RHB Elias Sagrero 0-0: Swinging Strike
0-1: Foul Ball, location: 2F
0-2: Ball
Passed Ball!
Zack Barton to second
1-2: Fly out, F8 (Line Drive, 78D, EV 87.5 MPH)
Bottom of the 8th over - 7 runs, 6 hits, 0 errors, 1 left on base; Kelowna 5 - Amarillo 15
TOP OF THE 9TH
Kelowna Heat batting - Pitching for Amarillo ThunderHeads : LHP Matt Hawk
Batting: RHB Malik Sharpless 0-0: Ball
1-0: Fly out, F8 (Flyball, 8RXD, EV 104.4 MPH)
Batting: RHB Ryan Roberts 0-0: Swinging Strike
0-1: Foul Ball, location: 2F
0-2: Ground out 6-3 (Groundball, 6, EV 86.2 MPH)
Batting: RHB Coen Dirks 0-0: Ball
1-0: Foul Ball, location: 2F
1-1: Ball
2-1: Called Strike
2-2: Ball
3-2: Foul Ball, location: 2F
3-2: Foul Ball, location: 2F
3-2: Ground out 6-3 (Groundball, 56, EV 86.2 MPH)
Top of the 9th over - 0 runs, 0 hits, 0 errors, 0 left on base; Kelowna 5 - Amarillo 15
Tuesday, September 13th , 2022 - OOTP Baseball 23.7 Build 88